 Dungeon Crawl Stone Soup version 0.30-a0-964-gd452b5e7fa (webtiles) character file.

Game seed: 5051838749568402780

74 GloriousHammer the Ruffian (level 4, 0/44 HPs)
             Began as a Troll Fighter on Mar 30, 2023.
             Slain by Ijyb
             ... wielding a +1 spectral club
              (5 damage)
             ... on level 3 of the Dungeon.
             The game lasted 00:02:10 (1363 turns).

GloriousHammer the Ruffian (Troll Fighter)          Turns: 1363, Time: 00:02:11

Health: 0/44       AC:  4    Str: 30    XL:     4   Next: 10%
Magic:  3/3        EV:  8    Int:  6    God:
Gold:   132        SH:  7    Dex:  9    Spells: 3/3 levels left

rFire   . . .      SeeInvis .      - Unarmed
rCold   . . .      Faith    .    b - +0 kite shield
rNeg    . . .      Spirit   .    a - +0 robe
rPois   .          Reflect  .    (helmet restricted)
rElec   .          Rampage  .    (no cloak)
rCorr   .                        (gloves unavailable)
Will    .....                    (boots unavailable)
Stlth   +                        (no amulet)
HPRegen 1.07/turn                S - +6 ring of strength
MPRegen 0.08/turn                (no ring)

@: no status effects
A: large, unfitting armour, claws 3, regeneration 1, shaggy fur 1, tough skin 1
a: no special abilities


You were on level 3 of the Dungeon.
You visited 1 branch of the dungeon, and saw 3 of its levels.

You collected 132 gold pieces.

Inventory:

Missiles
 g - 34 stones (quivered)
Armour
 a - a +0 robe (worn)
 b - a +0 kite shield (worn)
Jewellery
 S - a +6 ring of strength (left claw)
Scrolls
 e - 4 scrolls of identify {unknown}
 h - 2 scrolls of acquirement {unknown}
 i - 2 scrolls of teleportation {unknown}
 j - 2 scrolls of magic mapping {unknown}
 l - 2 scrolls of amnesia {unknown}
 n - a scroll of fear {unknown}
Potions
 c - a potion of might
 d - 3 potions of curing {unknown}
 f - a potion of ambrosia {unknown}
 k - a potion of haste {unknown}
 m - 2 potions of flight {unknown}


   Skills:
 + Level 2.9 Fighting
 - Level 2.4 Dodging
 + Level 3.2 Shields
 * Level 3.4 Unarmed Combat


You had 3 spell levels left.
You didn't know any spells.
Your spell library was empty.

Dungeon Overview and Level Annotations

Branches:
Dungeon (3/15)

Altars:
The Shining One

Annotations:
D:3 Ijyb


Innate Abilities, Weirdness & Mutations

You are too large for most types of armour.
You have claws for hands.
Your natural rate of healing is unusually fast.
You are covered in fur. (AC +1)
You have tough skin. (AC +1)


Message History

A bat is nearby!
A bat is nearby!
A bat is nearby!
The bat barely misses you. You block the bat's attack.
You scratch the bat.
The bat is moderately wounded.
The bat hits you but does no damage. You block the bat's attack.
You closely miss the bat.
The bat is moderately wounded.
You block the bat's attack. x2
You mangle the bat!!
You kill the bat!
You have reached level 4!
Found an escape hatch in the floor.
Found a stone staircase leading down.
g - 26 stones (gained 7)
A hobgoblin comes into view.
A hobgoblin is nearby!
A hobgoblin is nearby!
You closely miss the hobgoblin.
The hobgoblin hits you but does no damage.
You claw the hobgoblin!
You kill the hobgoblin!
You see here a hobgoblin corpse.
Found a glowing golden altar of the Shining One.
Found a ring mail.
g - 31 stones (gained 5)
You now have 111 gold pieces (gained 2).
An orc comes into view. It is wielding a +0 short sword.
The orc shouts!
An orc is nearby!
An orc is nearby!
You mangle the orc!!
You kill the orc!
Things that are here:
a +0 short sword; an orc corpse A giant cockroach comes into view.
A giant cockroach is nearby!
A giant cockroach is nearby!
You closely miss the giant cockroach. You block the giant cockroach's attack.
You scratch the giant cockroach but do no damage.
You block the giant cockroach's attack. The giant cockroach closely misses you.
You scratch the giant cockroach but do no damage.
You block the giant cockroach's attack.
You barely miss the giant cockroach. The giant cockroach barely misses you.
You block the giant cockroach's attack.
You closely miss the giant cockroach. You block the giant cockroach's attack.
You scratch the giant cockroach.
The giant cockroach is almost dead.
You block the giant cockroach's attack.
You scratch the giant cockroach but do no damage.
The giant cockroach is almost dead.
The giant cockroach bites you but does no damage.
You scratch the giant cockroach.
You kill the giant cockroach!
You see here a giant cockroach corpse.
g - 34 stones (gained 3)
You open the door.
There is an open door here.
An endoplasm comes into view.
An endoplasm is nearby!
An endoplasm is nearby!
You block the endoplasm's attack.
You claw the endoplasm!
You kill the endoplasm!
You now have 119 gold pieces (gained 8).
You now have 132 gold pieces (gained 13).
Found a dagger.
Ijyb the Twisted Goblin comes into view.
She is wielding a +1 spectral club, wearing a +0 scale mail of fire resistance and carrying a wand of flame (14).
Ijyb shouts!
Ijyb drinks a potion.
Ijyb goes berserk!
Ijyb is nearby!
Ijyb is nearby!
You closely miss Ijyb. You block Ijyb's attack. x2
You scratch Ijyb.
Ijyb is lightly wounded.
Ijyb barely misses you. You block Ijyb's attack.
You claw Ijyb!
Ijyb is moderately wounded.
Ijyb hits you with a +1 spectral club. Ijyb hits you with a +1 spectral club!
You barely miss Ijyb.
Ijyb is moderately wounded.
Ijyb hits you with a +1 spectral club!
You claw Ijyb!
Ijyb is severely wounded.
Ijyb barely misses you. Ijyb hits you with a +1 spectral club.
You scratch Ijyb.
Ijyb is severely wounded.
Ijyb hits you with a +1 spectral club! x2
* * * LOW HITPOINT WARNING * * *
You barely miss Ijyb.
Ijyb is severely wounded.
You block Ijyb's attack.
Unknown command.
You barely miss Ijyb.
Ijyb is severely wounded.
Ijyb hits you with a +1 spectral club.
* * * LOW HITPOINT WARNING * * *
Ijyb hits you with a +1 spectral club.
You die...

#######.#.......#..
#.#.####......
###.#.#### #.###
#........# ..
######......# ##
............#
#######.....#
####.....#
#.g@..)..#
#.######## #


You could see Ijyb (berserk).

Vanquished Creatures
  2 adders (D:2)
  2 worms (D:2)
  2 dart slugs
  An orc (D:3)
  6 ball pythons
  2 endoplasms
  A giant cockroach (D:3)
  7 goblins
  5 hobgoblins
  2 jackals (D:2)
  A quokka (D:2)
  7 bats
  2 frilled lizards (D:2)
  2 kobolds
  4 rats
46 creatures vanquished.

Notes
Turn   | Place    | Note
-------+----------+-------------------------------------------
     0 | D:1      | GloriousHammer the Troll Fighter began the quest for the
                  | Orb.
     0 | D:1      | Reached XP level 1. HP: 22/22 MP: 0/0
    97 | D:1      | Found a faded altar of an unknown god.
   142 | D:1      | Reached XP level 2. HP: 29/29 MP: 1/1
   753 | D:2      | Reached XP level 3. HP: 36/36 MP: 2/2
  1183 | D:3      | Reached XP level 4. HP: 44/44 MP: 3/3
  1219 | D:3      | Found a glowing golden altar of the Shining One.
  1354 | D:3      | Noticed Ijyb
  1363 | D:3      | Slain by Ijyb

Illustrated notes

Levels and vault maps discovered:
D:1:      giann_horns, layout_loops_ring, hellmonk_ecumenical_altar_crossroads,
          minmay_misc_feat_ornament, minmay_pentomino_u2
D:2:      layout_rooms
D:3:      layout_basic, nicolae_overflow_crystal_walls, minivault_27,
          uniq_natasha, uniq_ijyb, uniq_terence

Skill      XL: |  1  2  3 |
---------------+----------+-----
Shields        | 3 |  3.2
Unarmed Combat | 3 |  3.4
Fighting       | |  2.9
Dodging        | |  2.4

Action                     |  1- 3 |  4- 6 || total
---------------------------+-------+-------++-------
  Melee: Unarmed           |    84 |    20 ||   104
 Armour: Robe              |    19 |     2 ||    21
  Dodge: Dodged            |    23 |     4 ||    27
  Block: Kite shield       |    28 |    11 ||    39

Table legend: (Time is in decaauts)
 A = Elapsed time spent in this place.
 B = Non-inter-level travel time spent in this place.
 C = Inter-level travel time spent in this place.
 D = Time resting spent in this place.
 E = Time spent auto-exploring this place.
 F = Levels seen in this place.
 G = Mean time per level.
                   A        B        C        D        E       F      G
               +--------+--------+--------+--------+--------+-----+--------+
         Total |   1372 |   1303 |     69 |      0 |   1030 |   3 |  457.3 |
       Dungeon |   1372 |   1303 |     69 |      0 |   1030 |   3 |  457.3 |
               +--------+--------+--------+--------+--------+-----+--------+

Top non-repeatable levels by time:
     D:1: 669 daAuts
     D:2: 514 daAuts
     D:3: 188 daAuts
